 Dungeon Crawl Stone Soup version 0.17-a0-1731-g129c023 (webtiles) character file.

840 Redz the Caller (level 8, -4/48 HPs)
             Began as a Kobold Summoner on Aug 29, 2015.
             Was a Believer of the Shining One.
             Killed from afar by an electric eel (12 damage)
             ... with a bolt of electricity
             ... on level 6 of the Dungeon.
             The game lasted 00:40:03 (7799 turns).

Redz the Caller (Kobold Summoner)                   Turns: 7799, Time: 00:40:03

Health: -4/48      AC:  5    Str:  7    XL:     8   Next: 19%
Magic:  3/14       EV: 17    Int: 17    God:    the Shining One [**....]
Gold:   229        SH:  0    Dex: 16    Spells: 4 memorised, 4 levels left

rFire  + . .     SeeInvis .     r - +1 short sword
rCold  . . .     Clarity  .     h - +0 robe {rF+}
rNeg   + . .     SustAt   .     (shield restricted)
rPois  .         Gourm    .     n - +0 helmet
rElec  .         Spirit   .     (no cloak)
rCorr  .         Warding  .     g - +0 pair of gloves
rMut   .         Stasis   .     e - +0 pair of boots
MR     .....                    (no amulet)
Stlth  +.........               (no ring)
                                m - +2 ring of intelligence

@: very slightly contaminated, glowing, drained, not resistant to hostile
enchantments, very unstealthy
A: carnivore 3
a: Divine Shield, Renounce Religion


You were on level 6 of the Dungeon.
You worshipped the Shining One.
The Shining One was pleased with you.
You were very full.

You visited 1 branch of the dungeon, and saw 6 of its levels.
You also visited: Sewer.

You collected 229 gold pieces.

Inventory:

Hand weapons
 r - a +1 short sword (weapon)
Armour
 e - a +0 pair of boots (worn)
 g - a +0 pair of gloves (worn)
 h - a +0 robe of fire resistance (worn)
 n - a +0 helmet (worn)
Jewellery
 m - a +2 ring of intelligence (left hand)
Magical devices
 p - a wand of magic darts (35)
Scrolls
 d - 4 scrolls of remove curse
 f - 5 scrolls of identify
 q - 2 scrolls of teleportation
Potions
 i - 2 potions of agility
 j - 2 potions of heal wounds
 k - a potion of flight
Books
 b - a book of Callings

   Spells                             Type                      Level
   a - Summon Small Mammal            Summoning                    1
   b - Call Imp                       Summoning                    2
   c - Call Canine Familiar           Summoning                    3
   d - Summon Guardian Golem          Hexes/Summoning              3
   e - Summon Lightning Spire         Summoning/Air                4
   f - Summon Ice Beast               Ice/Summoning                4
Comestibles
 c - 5 meat rations
 l - a beef jerky


   Skills:
 + Level 4.8 Fighting
 + Level 1.4(1.3) Armour
 + Level 4.9 Dodging
 - Level 3.1 Stealth
 + Level 4.0 Spellcasting
 * Level 5.9(5.8) Summonings


You had 4 spell levels left.
You knew the following spells:

 Your Spells              Type           Power        Failure   Level  Hunger
a - Call Canine Familiar  Summ           ###.....     6%          3    ###....
b - Summon Small Mammal   Summ           ###.         1%          1    None
d - Summon Guardian Gole  Hex/Summ       ##......     17%         3    ###....
e - Summon Lightning Spi  Summ/Air       ##......     58%         4    ####...


Dungeon Overview and Level Annotations

Branches:
Dungeon (6/15)
 Temple: D:4-7

Altars:
Cheibriados
Dithmenos
Makhleb
Xom
Zin
The Shining One

Shops:
D:5 (   D:6 (


Innate Abilities, Weirdness & Mutations

You are small and have problems with some larger weapons.
You are carnivorous and can eat meat at any time.


Message History

The bolt of electricity misses you.
Your hound barely misses the electric eel.
You barely miss the shadow imp.
The shadow imp is almost dead.
Your quokka barely misses the electric eel.
The shadow imp closely misses you.
Your hound barely misses the electric eel.
The electric eel shoots out a bolt of lightning at you!
The bolt of electricity hits the shadow imp.
The shadow imp dies!
The bolt of electricity hits you!
* * * LOW HITPOINT WARNING * * *
Your quokka barely misses the electric eel.
Your hound misses the electric eel.
Your quokka bites the electric eel.
Your hound closely misses the electric eel.
Your quokka bites the electric eel.
Your hound completely misses the electric eel.
The electric eel shoots out a bolt of lightning at you!
The bolt of electricity hits you!
You die...

#....# ....#
####################''###########
≈≈≈≈≈≈≈≈≈≈≈≈≈≈≈≈≈≈≈.....≈≈≈≈≈≈≈≈≈
≈≈≈≈≈≈≈≈≈≈≈≈≈≈≈≈≈≈≈...r;≈≈≈≈≈≈≈≈≈
≈≈≈≈≈≈≈≈≈≈≈≈≈≈≈≈≈≈≈....h≈≈≈≈;≈≈≈≈
≈≈.≈≈≈≈.≈..≈)≈.≈≈≈≈.....≈.≈.≈≈≈≈.
......)....)))...................
......((...)....@................
...#########....######)(####.....
#[............### ##((# ######
#.............# ##.(.#
........####### #(..## ....._..#
###..## ........# ##...##
#<......# #...## ##......# #(.∩#


You could see an electric eel, a friendly hound and a friendly quokka.

Vanquished Creatures
  Edmund (D:6)
  An ogre (D:6)
  2 hounds (D:5)
  An orc priest (D:3)
  2 crimson imps
  An orc wizard (D:3)
  4 adders
  A gnoll (D:6)
  2 river rats (Sewer)
  A worm (D:4)
  5 orcs (D:5)
  2 ball pythons
  4 bats
  7 giant cockroaches
  4 hobgoblins
  7 jackals
  4 quokkas
  3 giant geckos
  6 giant newts
  10 goblins
  8 kobolds
  9 rats
85 creatures vanquished.

Vanquished Creatures (collateral kills)
  Sigmund (D:4)
  A big kobold (Sewer)
  A giant frog (D:6)
  A scorpion (D:6)
  A jelly (D:6)
  An iguana (D:5)
  An orc priest (D:3)
  Jessica (D:3)
  2 worker ants
  A gnoll shaman (D:6)
  4 gnolls (D:6)
  A river rat (Sewer)
  A shadow imp (D:6)
  2 adders
  2 worms
  2 orcs
  A bat (D:2)
  2 giant cockroaches
  2 goblins
  4 hobgoblins
  7 jackals
  2 quokkas
  2 ball pythons
  2 giant geckos
  A giant newt (D:1)
  6 kobolds
  3 rats
55 creatures vanquished.

Grand Total: 140 creatures vanquished

Notes
Turn   | Place    | Note
--------------------------------------------------------------
     0 | D:1      | Redz the Kobold Summoner began the quest for the Orb.
     0 | D:1      | Reached XP level 1. HP: 10/10 MP: 3/3
   793 | D:1      | Reached XP level 2. HP: 9/15 MP: 3/5
   819 | D:2      | Found a glowing golden altar of the Shining One.
   819 | D:2      | Found a burning altar of Makhleb.
  1086 | D:2      | Learned a level 2 spell: Call Imp
  1266 | D:2      | Became a worshipper of the Shining One
  1381 | D:1      | Reached skill level 1 in Fighting
  1391 | D:1      | Reached XP level 3. HP: 10/20 MP: 6/6
  1417 | D:1      | Learned a level 3 spell: Call Canine Familiar
  2563 | D:2      | Reached XP level 4. HP: 23/26 MP: 0/7
  2634 | D:2      | Found a shadowy altar of Dithmenos.
  2634 | D:2      | Found a snail-covered altar of Cheibriados.
  3752 | D:4      | Reached XP level 5. HP: 12/31 MP: 5/9
  3965 | D:4      | Noticed Sigmund
  3992 | D:4      | Killed Sigmund
  4020 | D:4      | Acquired the Shining One's first power
  4041 | D:4      | Found a glowing drain.
  4045 | Sewer    | Entered a sewer
  4055 | Sewer    | Reached XP level 6. HP: 20/37 MP: 5/10
  4339 | Sewer    | Found a white marble altar of Elyvilon.
  4476 | D:3      | Noticed Jessica
  4480 | D:3      | Killed Jessica
  4925 | D:3      | Reached XP level 7. HP: 41/43 MP: 12/12
  5323 | D:5      | Entered Level 5 of the Dungeon
  5340 | D:5      | Reached skill level 5 in Summonings
  5817 | D:5      | Found Zealih's Antique Weapon Boutique.
  6107 | D:5      | Found a glowing silver altar of Zin.
  6109 | D:5      | Noticed an angel
  6113 | D:5      | Found a shimmering altar of Xom.
  6591 | D:6      | Found Uwere's Weapon Emporium.
  6722 | D:6      | Found a shimmering altar of Xom.
  6770 | D:6      | Acquired the Shining One's second power
  6797 | D:6      | Learned a level 3 spell: Summon Guardian Golem
  6802 | D:6      | Learned a level 4 spell: Summon Lightning Spire
  6874 | D:6      | Noticed Edmund
  6891 | D:6      | Reached skill level 1 in Armour
  6942 | D:5      | Reached XP level 8. HP: 18/48 MP: 7/14
  7190 | D:6      | Killed Edmund
  7799 | D:6      | Killed from afar by an electric eel

Vault maps used:
D:1:      roderic_dead_forest
D:2:      amethyst_overflow_temple_binary, grunt_temple_overflow_open,
          minmay_cupped
D:3:      uniq_jessica
D:4:      gup_sewer_entry_bowl, uniq_sigmund
D:5:      grunt_temple_overflow_order_and_chaos_1, first_bread, serial_shops,
          shop, grunt_ministairs_9, minmay_strange_pillars,
          kennysheep_generic_room_6
D:6:      minmay_goblin_kobold_castle, serial_shops, shop, shop, basic_altar,
          nrook_mini_vaults, uniq_edmund
Sewer:    sewer_kobolds

Action                   |  1- 3 |  4- 6 |  7- 9 || total
-------------------------+-------+-------+-------++-------
Melee: Unarmed           |    79 |       |       ||    79
       Short sword       |    16 |   111 |   175 ||   302
       Club              |    42 |       |       ||    42
       Dagger            |    65 |    55 |       ||   120
 Cast: Summon Small Mamm |    17 |     7 |     9 ||    33
       Call Canine Famil |     8 |    13 |    22 ||    43
       Summon Guardian G |       |       |     3 ||     3
  Use: Scroll            |     2 |    10 |     2 ||    14
       Potion            |       |     7 |       ||     7
 Stab: Sleeping          |     5 |     2 |     2 ||     9
       Distracted        |     1 |       |       ||     1
  Eat: Chunk             |    13 |    10 |    12 ||    35
